 Dungeon Crawl Stone Soup version 0.22-a0-601-gb0ed703 (webtiles) character file.

273 Hebeh the Covered (level 6, 0/55 HPs)
             Began as a Minotaur Fighter on July 6, 2018.
             Succumbed to a scorpion's poison
             ... on level 4 of the Dungeon.
             The game lasted 00:07:01 (2681 turns).

Hebeh the Covered (Minotaur Fighter)                Turns: 2681, Time: 00:07:02

Health: 0/55       AC:  8    Str: 22    XL:     6   Next: 2%
Magic:  5/5        EV:  7    Int:  5    God:
Gold:   222        SH: 10    Dex: 10    Spells: 5/5 levels left

rFire    . . .     SeeInvis +   a - +0 war axe
rCold    . . .     Gourm    .   c - +0 shield
rNeg     . . .     Faith    .   b - +0 scale mail
rPois    .         Spirit   .   r - +0 hat {SInv}
rElec    .         Reflect  .   y - +0 cloak
rCorr    .         Harm     .   (no gloves)
MR       .....                  (no boots)
Stlth    ..........             (no amulet)
HPRegen  0.18/turn              (no ring)
MPRegen  0.09/turn              (no ring)

@: lethally poisoned (0 -> -24)
A: retaliatory headbutt, horns 2
a: no special abilities


You were on level 4 of the Dungeon.
You were not hungry.

You visited 1 branch of the dungeon, and saw 4 of its levels.

You collected 222 gold pieces.

Inventory:

Hand Weapons
 a - a +0 war axe (weapon)
 s - a +0 whip of venom
Missiles
 l - 132 stones (quivered)
 o - 34 sling bullets
Armour
 b - a +0 scale mail (worn)
 c - a +0 shield (worn)
 r - a +0 hat of see invisible (worn)
 y - a +0 cloak (worn)
Wands
 u - a wand of flame (32)
Scrolls
 j - a scroll of random uselessness {unknown}
 k - 4 scrolls of identify {unknown}
 n - a scroll of enchant weapon {unknown}
 q - 4 scrolls of amnesia {unknown}
 v - a scroll of teleportation {unknown}
 w - 2 scrolls of remove curse {unknown}
 x - 3 scrolls of magic mapping {unknown}
Potions
 d - a potion of might
 e - a potion of brilliance {unknown}
 h - a potion of curing {unknown}
 i - a potion of haste
 m - 2 potions of agility
 p - a potion of flight {unknown}
Comestibles
 f - 8 rations


   Skills:
 + Level 4.8 Fighting
 * Level 5.0 Axes
 + Level 5.0 Armour
 + Level 4.8 Shields


You had 5 spell levels left.
You didn't know any spells.
Your spell library was empty.

Dungeon Overview and Level Annotations

Branches:
Dungeon (4/15)             Temple (0/1) D:4

Altars:
Fedhas

Annotations:
D:3 exclusion: oklob plant
D:4 Grinder


Innate Abilities, Weirdness & Mutations

You reflexively headbutt those who attack you in melee.
You have a pair of horns on your head.


Message History

It was a potion of haste.
You feel yourself speed up.
* * * LOW HITPOINT WARNING * * *
You feel sick. You block the gnoll's attack.
A scorpion comes into view.
An orc comes into view.
The scorpion closely misses you.
It was a potion of agility.
You feel agile all of a sudden.
* * * LOW HITPOINT WARNING * * *
You feel sick. You block the gnoll's attack.
It was a potion of cancellation.
Your magical effects are unravelling.
You feel magically purged.
You feel yourself slow down.
You feel a little less agile now.
* * * LOW HITPOINT WARNING * * *
You feel sick. The scorpion stings you.
* * * LOW HITPOINT WARNING * * *
You are more poisoned.
The scorpion poisons you! The gnoll hits you but does no damage.
It was a potion of magic.
Magic courses through your body.
You die...

# ....... # ..≈≈≈.. #
.≈≈§≈≈. # ##### ##≈§≈≈§§§ #
########...# #.≈§≈>≈§§
######.....##...####.≈§≈≈§§≈
................'.(...≈≈§≈≈.
##.###.....##..)####...§≈≈..
<#.# #.....###.s@go.o.......
.#.# #.....# #.######.....##
.#.# ####### #.# ..g$..#
##.# #.# .a....# ...#######
#.# g..#..# .......... ..
[..Z..# .######### #.
.#.g.## .......... .. ......
...######


You could see a scorpion, a gnoll and 2 orcs.

Vanquished Creatures
  Blork the orc (D:4)
  A gnoll shaman (D:4)
  A worker ant (D:4)
  5 adders
  4 gnolls (D:4)
  2 worms (D:2)
  2 dart slugs (D:1)
  3 leopard geckos
  An orc (D:4)
  8 bats
  5 giant cockroaches
  6 goblins
  7 hobgoblins
  3 jackals (D:3)
  A quokka (D:2)
  2 ball pythons
  3 frilled lizards
  8 kobolds
  A leopard gecko skeleton (D:4)
  7 rats
71 creatures vanquished.

Notes
Turn   | Place    | Note
-------+----------+-------------------------------------------
     0 | D:1      | Hebeh the Minotaur Fighter began the quest for the Orb.
     0 | D:1      | Reached XP level 1. HP: 19/19 MP: 0/0
   369 | D:1      | Reached XP level 2. HP: 26/27 MP: 1/1
   841 | D:2      | Reached XP level 3. HP: 31/33 MP: 2/2
  1239 | D:2      | Reached XP level 4. HP: 40/40 MP: 3/3
  1485 | D:3      | Found a blossoming altar of Fedhas.
  1495 | D:3      | Noticed an oklob plant
  2394 | D:4      | Noticed Blork the orc
  2404 | D:4      | Killed Blork the orc
  2404 | D:4      | Reached XP level 5. HP: 28/47 MP: 4/4
  2649 | D:4      | Found a staircase to the Ecumenical Temple.
  2673 | D:4      | Noticed Grinder
  2677 | D:4      | Reached skill level 5 in Axes
  2677 | D:4      | Reached skill level 5 in Armour
  2677 | D:4      | Reached XP level 6. HP: 8/55 MP: 5/5
  2680 | D:4      | HP: 2/55 [scorpion (1)]
  2681 | D:4      | Succumbed to a scorpion's poison

Vault maps used:
D:1:      eino_arrival_cavern_a, minmay_door_square, grunt_decor_cap,
          minivault_11
D:2:      lemuel_upstairs_altar, first_ration
D:3:      serial_bayou_ford_a, tgw_fedhas
D:4:      minmay_temple_entry_mist, uniq_sigmund, uniq_blork_the_orc,
          uniq_grinder

Skill      XL: |  1  2  3  4  5 |
---------------+----------------+-----
Axes           | 3 4 5 |  5.0
Shields        | 4 |  4.8
Armour         | 4 5 |  5.0
Fighting       | 4 |  4.8

Action                   |  1- 3 |  4- 6 || total
-------------------------+-------+-------++-------
Melee: War axe           |   113 |    67 ||   180
       Headbutt          |    13 |    11 ||    24
  Use: Potion            |       |     4 ||     4
  Eat: Chunk             |     1 |     5 ||     6
Armor: Scale mail        |    61 |    32 ||    93
Dodge: Dodged            |    37 |    41 ||    78
Block: Shield            |    70 |    31 ||   101

Table legend:
 A = Spawn XP
 B = Non-spawn XP
 C = Spawn XP percentage of total XP
 D = Spawn monster count
 E = Non-spawn monster count
 F = Spawn count percentage of total count
 G = Total turns spent on level
                    A         B        C        D         E        F      G
               +---------+---------+-------+---------+---------+-------+---------
         Total |       0 |     390 |   0.0 |       0 |      71 |   0.0 |  2681
               +---------+---------+-------+---------+---------+-------+---------
           D:1 |       0 |      32 |   0.0 |       0 |      17 |   0.0 |   805
           D:2 |       0 |      66 |   0.0 |       0 |      23 |   0.0 |   460
           D:3 |       0 |      41 |   0.0 |       0 |      19 |   0.0 |  1108
           D:4 |       0 |     251 |   0.0 |       0 |      12 |   0.0 |   308
               +---------+---------+-------+---------+---------+-------+---------
